AoeStats
← zephyrutia

Pilgrims

509388169Analyzed
3v3 RM · 6d ago on Sep 26, 2026· 48m 4s· 6 players
Game mode
Random Map
Map size
Normal (6 player)
Population
200
Speed
Normal
Resources
Standard
Victory
Conquest
Starting age
Dark Age
Ending age
Imperial Age
RankedLock teamsTeams togetherTeam positionsShared explorationLock speedFull tech treeHidden civsTurbo modeCheats
Victory
Defeat
🇷🇴 Bulgarians · Romania
1092
+9
🇨🇱 Britons · Chile
1004
+12
🇹🇷 Italians · Türkiye
985
+13
🇳🇵 Huns · Nepal
943
-17
🇺🇸 Turks · United States
919
-11
🇳🇵 Bulgarians · Nepal
904
-11
gitPushOriginMaster
3:17 Loom
11:30 Feudal Age
12:29 Fishing Lines
15:08 Wheelbarrow
16:26 Town Watch
21:00 Castle Age
19:33 Double-Bit Axe
21:34 Gillnets
22:24 Bow Saw
22:52 Medium Warships
23:05 Stone Mining
24:48 Hand Cart
25:37 Gold Mining
28:44 Fletching
31:03 Bodkin Arrow
31:35 Ballistics
32:12 Padded Archer Armor
33:01 Leather Archer Armor
37:12 Imperial Age
37:47 Imperial Age
37:18 Town Patrol
38:00 Gold Shaft Mining
39:15 Bracer
39:45 Yeomen
41:06 Ring Archer Armor
40:28 Elite Longbowman
48:15 Two-Man Saw
el mangonel
3:58 Loom
12:03 Feudal Age
19:43 Castle Age
19:06 Scale Mail Armor
19:17 Forging
18:56 Arson
21:00 Chain Mail Armor
22:10 Iron Casting
22:24 Wheelbarrow
26:09 Scale Barding Armor
26:55 Chain Barding Armor
28:13 Gambesons
28:29 Squires
29:18 Fishing Lines
30:41 Town Watch
30:48 Double-Bit Axe
30:48 Horse Collar
31:02 Gold Mining
31:22 Town Watch
32:36 Pikeman
35:04 Heavy Plow
36:14 Hand Cart
39:35 Imperial Age
40:52 Plate Mail Armor
41:22 Blast Furnace
40:03 Capped Ram
41:14 Gillnets
41:35 Bow Saw
41:34 Town Patrol
43:49 Blast Furnace
43:29 Siege Ram
44:54 Conscription
47:34 Crop Rotation
47:41 Gold Shaft Mining
47:49 Bagains
Mystic Boy
11:33 Feudal Age
12:35 Fishing Lines
13:58 Wheelbarrow
15:20 Fletching
19:54 Castle Age
17:42 Loom
19:57 Castle Age
19:30 Double-Bit Axe
21:05 Bodkin Arrow
21:24 Medium Warships
21:54 Bow Saw
24:26 Hand Cart
24:54 Town Watch
25:58 Elite Skirmisher
27:01 Ballistics
30:48 Gillnets
30:42 Horse Collar
32:00 Gold Mining
37:39 Imperial Age
36:05 Siphons
36:15 Clinker Construction
36:18 Careening
39:23 Bracer
39:23 Padded Archer Armor
40:39 Chemistry
39:52 Masonry
41:04 Elite Genoese Crossbowman
42:49 Scale Mail Armor
46:25 Conscription
46:24 Chain Mail Armor
46:19 Forging
46:14 Squires
zephyrutia
3:50 Loom
11:26 Feudal Age
16:37 Castle Age
24:07 Imperial Age
21:31 Fletching
Blast
9:08 Loom
11:17 Feudal Age
14:04 Bloodlines
18:18 Forging
20:16 Castle Age
19:34 Scale Barding Armor
20:31 Scale Mail Armor
22:29 Gold Mining
23:05 Double-Bit Axe
27:18 Chain Mail Armor
28:19 Husbandry
29:25 Chain Barding Armor
36:30 Imperial Age
34:54 Stone Mining
35:45 Bow Saw
35:26 Horse Collar
36:34 Cavalier
37:39 Atheism
39:07 Plate Barding Armor
41:57 Elite Tarkan
42:59 Marauders
43:13 Paladin
47:15 Conscription
Magikarp
10:15 Feudal Age
21:33 Forging
21:24 Scale Mail Armor
29:12 Castle Age
31:41 Gambesons
38:48 Bloodlines
38:41 Light Cavalry
45:00 Loom
Connection lost

Rejoining the realm…

Still unreachable

The connection could not be restored.

Session expired

The server has moved on; the page needs a fresh start.